 Dungeon Crawl Stone Soup version 0.17-a0-1105-gbe8b664 (webtiles) character file.

74 ewhitman the Sneak (level 4, -3/27 HPs)
             Began as a Halfling Enchanter on May 22, 2015.
             Was an Initiate of Okawaru.
             Killed by nerve-wracking pain
             ... invoked by Grinder
              (4 damage)
             ... on level 3 of the Dungeon.
             The game lasted 00:28:30 (2800 turns).

ewhitman the Sneak (Halfling Enchanter)             Turns: 2800, Time: 00:28:30

Health: -3/27      AC:  4    Str:  8    XL:     4   Next: 52%
Magic:  6/6        EV: 14    Int: 14    God:    Okawaru [......]
Gold:   127        SH:  4    Dex: 15    Spells: 2 memorised, 2 levels left

rFire  . . .     SeeInvis .     j - +2 dagger (drain)
rCold  . . .     Clarity  .     u - +0 leather armour
rNeg   . . .     SustAb   .     t - +0 buckler
rPois  .         Gourm    .     (no helmet)
rElec  .         Spirit   .     (no cloak)
rCorr  .         Warding  .     o - +0 pair of gloves
rMut   .         Stasis   .     (no boots)
MR     .....                    (no amulet)
Stlth  +++.......               (no ring)
                                n - ring of flight

@: about to teleport, not resistant to hostile enchantments, fairly stealthy
A: mutation resistance 1
a: Renounce Religion, Evoke Flight


You were on level 3 of the Dungeon.
You worshipped Okawaru.
Okawaru was noncommittal.
You were not hungry.

You visited 1 branch of the dungeon, and saw 3 of its levels.

You collected 127 gold pieces.

Inventory:

Hand weapons
 j - a +2 dagger of draining (weapon)
Missiles
 a - 3 tomahawks (quivered)
 e - 39 bolts
 g - 83 stones
Armour
 h - a +0 ring mail
 o - a +0 pair of gloves (worn)
 t - a +0 buckler (worn)
 u - a +0 leather armour (worn)
Jewellery
 n - a ring of flight (left hand)
Scrolls
 b - 2 scrolls of remove curse
 i - a scroll of recharging {unknown}
 m - a scroll of teleportation
 p - a scroll of enchant armour {unknown}
 q - 2 scrolls of magic mapping {unknown}
 r - 2 scrolls of identify
 v - a scroll of noise {unknown}
 w - a scroll of amnesia {unknown}
 y - a scroll of immolation {unknown}
Potions
 f - 2 potions of lignification
 k - a potion of might {unknown}
 l - 2 potions of agility {unknown}
 x - a potion of cure mutation {unknown}
 z - a potion of ambrosia {unknown}
Books
 c - a book of Maledictions

   Spells                             Type                      Level
   a - Corona                         Hexes                        1
   b - Ensorcelled Hibernation        Hexes/Ice                    2
   c - Confuse                        Hexes                        3
   d - Tukima's Dance                 Hexes                        3
   e - Dazzling Spray                 Conjuration/Hexes            3
Comestibles
 d - 4 bread rations


   Skills:
 + Level 0.1 Fighting
 + Level 2.0 Short Blades
 + Level 0.9 Armour
 + Level 3.2 Dodging
 + Level 3.8 Stealth
 + Level 1.8 Spellcasting
 + Level 3.1 Hexes


You had 2 spell levels left.
You knew the following spells:

 Your Spells              Type           Power        Failure   Level  Hunger
a - Corona                Hex            ##.....      17%         1    ##.....
b - Tukima's Dance        Hex            ##......     52%         3    ####...


Dungeon Overview and Level Annotations

Branches:
Dungeon (3/15)

Altars:
Okawaru

Annotations:
D:3 Grimpse's ghost, average DrBe; Grinder


Innate Abilities, Weirdness & Mutations

You are small and have problems with some larger weapons.
You are somewhat resistant to further mutation.


Message History

Grinder is moderately wounded.
Grinder hits you!
You writhe in agony.
You hit Grinder but do no damage.
Grinder is moderately wounded.
Grinder hits you.
You writhe in agony.
* * * LOW HITPOINT WARNING * * *
Grinder says, "FISH!"
You see here a tomahawk.
Grinder gestures at you. You resist with significant effort.
You see here a tomahawk.
Grinder gestures at you. Pain shoots through your body!
* * * LOW HITPOINT WARNING * * *
As you read the scroll of teleportation, it crumbles to dust.
You feel strangely unstable.
A giant cockroach comes into view.
Grinder gestures at you. Pain shoots through your body!
You die...

#.# #.# #.# #.# #.# #.#
#.# ###.# #.# #...# #.#
#.############# #.#
#.....<........
#(#####################
#.(5..@......s
#.############ ###


You could see Grinder and a giant cockroach (sleeping).

Vanquished Creatures
  2 adders (D:2)
  An ooze (D:1)
  An orc (D:3)
  A ball python (D:1)
  3 goblins
  8 hobgoblins
  5 jackals
  7 kobolds
  8 bats
  A giant gecko (D:2)
  4 giant newts
  8 rats
49 creatures vanquished.

Notes
Turn   | Place    | Note
--------------------------------------------------------------
     0 | D:1      | ewhitman the Halfling Enchanter began the quest for the Orb.
     0 | D:1      | Reached XP level 1. HP: 11/11 MP: 3/3
   305 | D:1      | Reached XP level 2. HP: 17/17 MP: 4/4
   886 | D:1      | Reached XP level 3. HP: 19/21 MP: 5/5
  1237 | D:2      | Found an iron altar of Okawaru.
  1295 | D:2      | Became a worshipper of Warmaster Okawaru
  1321 | D:2      | Learned a level 3 spell: Tukima's Dance
  1368 | D:2      | Reached XP level 4. HP: 27/27 MP: 6/6
  1980 | D:3      | Noticed Grimpse's ghost (average DrBe)
  2768 | D:3      | Noticed Grinder
  2788 | D:3      | Paralysed by Grinder for 4 turns
  2797 | D:3      | HP: 1/27 [Grinder/nerve-wracking pain (7)]
  2800 | D:3      | Killed from afar by Grinder

Vault maps used:
D:1:      saegor_arrival_simple_b
D:2:      first_bread, okawaru_gym_becter
D:3:      nicolae_overflow_hidden_temple, uniq_grinder

Action                   |  1- 3 |  4- 6 || total
-------------------------+-------+-------++-------
Melee: Dagger            |   117 |    78 ||   195
Throw: Stone             |       |    13 ||    13
       Tomahawk          |       |     9 ||     9
 Cast: Corona            |       |     1 ||     1
  Use: Scroll            |     1 |     5 ||     6
       Potion            |     1 |       ||     1
 Stab: Sleeping          |     1 |       ||     1
  Eat: Bread ration      |     1 |       ||     1
       Meat ration       |       |     1 ||     1
